 Dungeon Crawl Stone Soup version 0.15-a0-2172-g9ff0d5b (webtiles) character file.

31480 Podrick the Carver (level 13, -3/83 HPs)
             Began as a Human Assassin on July 17, 2014.
             Was a High Priest of Makhleb.
             Slain by a nine-headed hydra (9 damage)
             ... on Level 15 of the Dungeon on July 21, 2014.
             The game lasted 01:33:08 (20060 turns).

Podrick the Carver (Human Assassin)                Turns: 20060, Time: 01:33:09

HP  -3/83        AC 12     Str 13      XL: 13   Next: 96%
MP  26/26        EV 16     Int 15      God: Makhleb [*****.]
Gold 602         SH  5     Dex 14      Spells:  3 memorised,  4 levels left

rFire  + . .     SeeInvis +     a - +5 scimitar (elec)
rCold  + . .     Clarity  +     c - +0 leather armour {rF+}
rNeg   . . .     rCorr    .     z - +0 buckler
rPois  +         rRot     .     p - +2 helmet
rElec  .         Spirit   .     A - +0 cloak
SustAb .         Warding  .     (no gloves)
rMut   .         Stasis   .     q - +0 pair of boots
Gourm  .                        C - cursed amulet of clarity
MR     .....                    I - ring of see invisible
                                P - cursed ring of Day {rPois rC+ SInv}

@: very slightly contaminated, not resistant to hostile enchantments, unstealthy
A: rough black scales 1, deterioration 1, low mp 1
a: Minor Destruction, Lesser Servant of Makhleb, Major Destruction, Greater
Servant of Makhleb, Renounce Religion


You were on level 15 of the Dungeon.
You worshipped Makhleb.
Makhleb was extremely pleased with you.
You were hungry.

You visited 2 branches of the dungeon, and saw 16 of its levels.
You also visited: Labyrinth.

You collected 845 gold pieces.
You spent 243 gold pieces at shops.

Inventory:

Hand weapons
 a - a +5 scimitar of electrocution (weapon)
 d - a +4 dagger
 g - a +0 blowgun
Missiles
 e - 86 poisoned needles
 i - 29 stones
 E - a throwing net (quivered)
 H - 2 curare-tipped needles
Armour
 c - a +0 leather armour of fire resistance (worn)
 p - a +2 helmet (worn)
 q - a +0 pair of boots (worn)
 z - a +0 buckler (worn)
 A - a +0 cloak (worn)
Magical devices
 k - a wand of digging (5)
 t - a wand of digging (23)
 x - a wand of invisibility (1)
Comestibles
 h - 2 royal jellies
 m - 12 meat rations
 G - a chunk of hill giant flesh
Scrolls
 n - a scroll of fog
 o - 3 scrolls of remove curse
 w - 3 scrolls of identify
 y - a scroll of recharging
 F - a scroll of teleportation
 K - a scroll of enchant armour
Jewellery
 C - a cursed amulet of clarity (around neck)
 I - a ring of see invisible (right hand)
 J - an uncursed ring of protection from cold
 P - the cursed ring of Day (left hand) {rPois rC+ SInv}
   (You found it in a labyrinth)

   [ring of see invisible]

   It protects you from cold.
   It protects you from poison.
   It enhances your eyesight.
   It has a curse placed upon it.
 T - an uncursed ring of teleportation
 U - an uncursed amulet of faith
Potions
 f - a potion of curing
 l - 4 potions of resistance
 s - a potion of haste
 u - a potion of flight
 v - a potion of berserk rage {unknown}
Miscellaneous
 B - a legendary deck of war {the Hammer}
Rods
 r - a +4 rod of clouds (17/17)
   (You found it in a labyrinth)


   Skills:
 - Level 2.0 Fighting
 - Level 8.6(10.7) Short Blades
 + Level 13.7(14.1) Long Blades
 - Level 2.0 Throwing
 + Level 9.5 Dodging
 - Level 4.0 Stealth
 - Level 5.0 Shields
 - Level 12.6 Invocations


You had 4 spell levels left.
You knew the following spells:

 Your Spells              Type           Power        Failure   Level  Hunger
a - Animate Skeleton      Necr           N/A          28%         1    ##.....
f - Freezing Cloud        Conj/Ice/Air   #.........   100%        6    #######
z - Apportation           Tloc           #.........   28%         1    ##.....


Dungeon Overview and Level Annotations

Branches:
Dungeon (15/15)            Temple (1/1) D:7             Orc (0/4) D:10
   Lair (0/8) D:11         Vaults (0/5) D:13         Depths (0/5) D:15

Altars:
Ashenzari
Cheibriados
Dithmenos
Elyvilon
Fedhas
Gozag
Kikubaaqudgha
Makhleb
Nemelex Xobeh
Okawaru
Qazlal
Sif Muna
Trog
Vehumet
Xom
Yredelemnul
Zin
The Shining One

Shops:
D:4 (   D:6 !   D:7 }

Annotations:
D:11 exclusion: oklob plant


Innate Abilities, Weirdness & Mutations

You are partially covered in rough black scales (AC +4, Dex -1).
Your body is slowly deteriorating.
Your magical capacity is low (-10% MP).


Message History

The nine-headed hydra is heavily wounded.
The nine-headed hydra burns!
The nine-headed hydra completely misses you.
The nine-headed hydra closely misses you.
The nine-headed hydra bites you!
* * * LOW HITPOINT WARNING * * *
The nine-headed hydra closely misses you.
The nine-headed hydra bites you!
* * * LOW HITPOINT WARNING * * *
You block the nine-headed hydra's attack.
The nine-headed hydra bites you but does no damage.
You block the nine-headed hydra's attack.
The nine-headed hydra bites you but does no damage.
Unknown command.
You hit the nine-headed hydra.
The nine-headed hydra is heavily wounded.
The nine-headed hydra burns!
The nine-headed hydra is no longer bleeding.
The nine-headed hydra bites you!
You die...

#.###### #.# .......########.#
##### #.###........##.#
#...#######
...##..#####.##)#######.#........
.......# #.##.#..........######
...###.# ##.##.#.######.#.# ..##
#.# ##%..#.#.# ##.#.#### .##
##.###.#....#)#####.....).#
.####...###.#..(@D.......#.##.#
......#....#.##.#.#####(.#.##.##
.####...##.####..## #..(........
######.###.# #### ###..#).#.##
.......# #.### ## #..#..#.#
######## #.##>###.#####c(.....# #
#.# #S..#.cs(......### # #.#
#.≈.#.H(##.#.#.# # ###
#.c.#(H.##.#.#...


You could see a nine-headed hydra (burning).

Vanquished Creatures
  A minotaur (Lab)
  Josephine (D:13)
  A hydra (D:15)
  2 centaur warriors
  A tengu warrior (D:12)
  The ghost of Conan321 the Thaumaturge, an experienced DENe of Kikubaaqudgha (D:10)
  5 hill giants
  An unseen horror (D:11)
  An orc knight (D:15)
  2 manticores (D:13)
  3 cyclopes
  A griffon (D:14)
  A centaur zombie (D:15)
  A gargoyle (D:15)
  2 centaur skeletons
  A kobold demonologist (D:14)
  A freezing wraith (D:14)
  4 tengu conjurers
  A catoblepas zombie (D:12)
  3 slime creatures
  A hydra skeleton (D:13)
  A troll (D:14)
  7 ravens
  A spriggan (D:7)
  A wraith (D:11)
  A shadow (D:15)
  2 wyverns (D:11)
  A deep elf mage (D:11)
  16 ugly things
  7 hippogriffs
  2 steam dragons
  A hill giant skeleton (D:11)
  A hungry ghost (D:13)
  Edmund (D:7)
  3 vampire mosquitoes (D:14)
  Menkaure (D:4)
  A water moccasin (D:13)
  12 orc warriors
  A mottled dragon (D:11)
  An ice beast (shapeshifter) (D:13)
  A tengu skeleton (D:13)
  A necrophage (D:14)
  3 sky beasts
  3 ice beasts
  2 phantoms
  3 yellow wasps
  A spider (shapeshifter) (D:13)
  5 ogres
  2 crocodiles (D:13)
  8 centaurs
  Sigmund (D:6)
  9 giant frogs
  A hippogriff zombie (D:13)
  5 scorpions
  2 wyvern skeletons
  A tengu zombie (D:12)
  14 killer bees
  A yak skeleton (D:9)
  2 electric eels (D:12)
  3 wights (D:8)
  A hippogriff skeleton (D:13)
  A goliath beetle (D:9)
  A quasit (D:5)
  3 crimson imps
  4 iguanas
  An elf zombie (D:13)
  An elf skeleton (D:13)
  4 orc priests
  A two-headed ogre zombie (D:13)
  6 jellies
  10 hounds
  12 worker ants
  A black bear zombie (D:8)
  13 orc wizards
  5 sheep
  A mottled dragon skeleton (D:13)
  3 ogre skeletons
  A hound zombie (D:10)
  Terence (D:3)
  A hound skeleton (D:4)
  14 adders
  12 gnolls
  3 orc zombies
  5 shadow imps
  6 worms
  A gnoll zombie (D:5)
  An iguana skeleton (D:11)
  11 giant geckos
  An ooze (D:2)
  60 orcs
  A ball python (D:3)
  A bat zombie (D:8)
  8 giant cockroaches
  22 hobgoblins
  15 jackals
  4 quokkas
  18 bats
  8 giant newts
  10 goblins
  24 kobolds
  A kobold skeleton (D:4)
  4 orc skeletons
  12 rats
  A fungus (D:8)
478 creatures vanquished.

Vanquished Creatures (collateral kills)
  Rupert (D:14)
  An ettin (D:13)
  Harold (D:11)
  A centaur warrior (D:14)
  A deep troll (D:13)
  A wizard (D:13)
  A wraith (D:13)
  An ugly thing (D:15)
  4 vampire mosquitoes (D:14)
  A hill giant skeleton (D:14)
  A crocodile (D:14)
  A troll zombie (D:14)
  A jelly (D:14)
  A worker ant (D:14)
  A mummy (D:15)
18 creatures vanquished.

Vanquished Creatures (others)
  A blizzard demon (D:15)
  A hellwing (D:15)
  A neqoxec (D:12)
  A quokka (D:5)
  A fungus (D:8)
  A plant (D:12)
6 creatures vanquished.

Grand Total: 502 creatures vanquished

Notes
Turn   | Place    | Note
--------------------------------------------------------------
     0 | D:1      | Podrick, the Human Assassin, began the quest for the Orb.
     0 | D:1      | Reached XP level 1. HP: 16/16 MP: 1/1
    75 | D:1      | Reached XP level 2. HP: 19/22 MP: 2/2
   341 | D:1      | Reached XP level 3. HP: 27/27 MP: 3/3
   891 | D:2      | Reached XP level 4. HP: 33/33 MP: 4/4
  1144 | D:2      | Found a glowing golden altar of the Shining One.
  1420 | D:3      | Found a shadowy altar of Dithmenos.
  1529 | D:3      | Reached XP level 5. HP: 38/38 MP: 5/5
  1537 | D:3      | Reached skill level 5 in Short Blades
  1710 | D:3      | Found a sparkling altar of Nemelex Xobeh.
  2093 | D:3      | Reached XP level 6. HP: 32/44 MP: 6/6
  2144 | D:3      | Noticed Terence
  2158 | D:3      | Killed Terence
  2438 | D:3      | Reached skill level 6 in Short Blades
  2836 | D:4      | Found a shimmering altar of Xom.
  2948 | D:4      | Noticed Menkaure
  2963 | D:4      | Killed Menkaure
  2963 | D:4      | Reached skill level 7 in Short Blades
  2963 | D:4      | Reached XP level 7. HP: 20/50 MP: 7/7
  3745 | D:4      | Reached skill level 8 in Short Blades
  3814 | D:4      | Found a snail-covered altar of Cheibriados.
  3983 | D:4      | Reached XP level 8. HP: 13/56 MP: 8/8
  4348 | D:4      | Found Mnapp's Weapon Shoppe.
  4351 | D:4      | Bought a +1 scimitar of electrocution for 204 gold pieces
  4425 | D:5      | Entered Level 5 of the Dungeon
  4479 | D:5      | Reached skill level 1 in Long Blades
  5041 | D:5      | Found a white marble altar of Elyvilon.
  5376 | D:6      | Found Ojugusuon's Distillery.
  5384 | D:6      | Reached skill level 5 in Long Blades
  5450 | D:6      | Bought a potion of heal wounds for 39 gold pieces
  5473 | D:6      | Noticed Sigmund
  5488 | D:6      | Killed Sigmund
  5601 | D:6      | Reached XP level 9. HP: 42/61 MP: 9/9
  6255 | D:7      | Identified Lehudib's Grimoire of Gliding Conjuration
  6287 | D:7      | Found a shattered altar of Ashenzari.
  6342 | D:7      | Found Sesm's Gadget Shop.
  6644 | D:7      | Noticed Edmund
  6658 | D:7      | Killed Edmund
  6896 | D:7      | Found a staircase to the Ecumenical Temple.
  6920 | D:7      | Reached skill level 9 in Long Blades
  7318 | Temple   | Entered the Ecumenical Temple
  7391 | Temple   | Became a worshipper of Makhleb the Destroyer
  7713 | D:8      | Found a blossoming altar of Fedhas.
  7782 | D:8      | Reached XP level 10. HP: 67/67 MP: 10/10
  8033 | D:8      | Acquired Makhleb's first power
  8283 | D:8      | Reached skill level 5 in Dodging
  8503 | D:8      | Reached skill level 10 in Long Blades
  8920 | D:9      | Acquired Makhleb's second power
  9087 | D:9      | Reached skill level 1 in Shields
  9087 | D:9      | Reached skill level 1 in Invocations
  9291 | D:10     | Entered Level 10 of the Dungeon
  9297 | D:10     | Noticed Conan321's ghost (experienced DENe)
  9308 | D:10     | Killed Conan321's ghost
  9334 | D:10     | Learned a level 6 spell: Freezing Cloud
  9756 | D:10     | Acquired Makhleb's third power
 10074 | D:10     | Noticed a hill giant
 10088 | D:10     | Killed a hill giant
 10088 | D:10     | Reached skill level 5 in Invocations
 10088 | D:10     | Reached XP level 11. HP: 55/72 MP: 17/19
 10145 | D:10     | Noticed a hill giant
 10314 | D:10     | Reached skill level 5 in Shields
 10689 | D:10     | Found a staircase to the Orcish Mines.
 10941 | D:11     | Found a staircase to the Lair.
 10943 | D:11     | Noticed an oklob plant
 11062 | D:11     | Acquired Makhleb's fourth power
 11596 | D:11     | Noticed Harold
 11601 | D:11     | Noticed an unseen horror
 11605 | D:11     | Killed an unseen horror
 12238 | D:11     | Killed Harold
 12477 | D:11     | Noticed a hill giant
 12493 | D:11     | Killed a hill giant
 12493 | D:11     | Reached skill level 10 in Invocations
 12527 | D:12     | Found a labyrinth entrance.
 12530 | D:12     | Noticed an eight-headed hydra
 12549 | Lab      | Entered a labyrinth
 14606 | Lab      | Noticed a minotaur
 14620 | Lab      | Killed a minotaur
 14622 | Lab      | Got a sparkling tin ring
 14901 | D:12     | Identified the cursed ring of Day {rPois rC+ SInv} (You found it in a labyrinth)
 14903 | D:12     | Identified a -1 rod of clouds (11/11) (You found it in a labyrinth)
 15363 | D:12     | Reached skill level 11 in Invocations
 15363 | D:12     | Reached XP level 12. HP: 62/78 MP: 26/26
 15701 | D:12     | Noticed a tengu warrior
 15702 | D:12     | Noticed a tengu warrior
 15722 | D:12     | Killed a tengu warrior
 15792 | D:12     | HP: 2/78 [electric eel/bolt of electricity (8)]
 16070 | D:12     | Upgraded the game from 0.15-a0-2130-g28e4b74 to 0.15-a0-2144-g51de978
 16259 | D:12     | Upgraded the game from 0.15-a0-2144-g51de978 to 0.15-a0-2151-gce93697
 16816 | D:13     | Reached skill level 12 in Invocations
 16951 | D:13     | Learned a level 1 spell: Animate Skeleton
 16953 | D:13     | Learned a level 1 spell: Apportation
 17188 | D:13     | Gained mutation: Your magical capacity is low (-10% MP). [potion of mutation]
 17188 | D:13     | Gained mutation: You are partially covered in rough black scales (AC +4, Dex -1). [potion of mutation]
 17188 | D:13     | Gained mutation: Your body is slowly deteriorating. [potion of mutation]
 17200 | D:13     | Noticed Josephine
 17210 | D:13     | Killed Josephine
 17383 | D:13     | Acquired Makhleb's fifth power
 17631 | D:13     | Noticed an ettin
 17645 | D:13     | Killed an ettin
 17645 | D:13     | Reached XP level 13. HP: 63/83 MP: 26/26
 17673 | D:13     | Found a gate to the Vaults.
 17919 | D:13     | Upgraded the game from 0.15-a0-2151-gce93697 to 0.15-a0-2172-g9ff0d5b
 18357 | D:14     | Found a shadowy altar of Dithmenos.
 18587 | D:14     | Noticed Rupert
 18597 | D:14     | Killed Rupert
 19115 | D:14     | Reached skill level 13 in Long Blades
 19380 | D:15     | Entered Level 15 of the Dungeon
 19981 | D:15     | Found a staircase to the Depths.
 19981 | D:15     | Noticed an emperor scorpion
 19986 | D:15     | Noticed a great orb of eyes
 19986 | D:15     | an anaconda changed into a great orb of eyes
 19991 | D:15     | a great orb of eyes changed into a queen ant
 19999 | D:15     | Noticed a fire dragon
 19999 | D:15     | an ice dragon changed into a fire dragon
 20002 | D:15     | a fire dragon changed into a griffon
 20060 | D:15     | Slain by a nine-headed hydra

Action                   |  1- 3 |  4- 6 |  7- 9 | 10-12 | 13-15 || total
-------------------------+-------+-------+-------+-------+-------++-------
Melee: Dagger            |    27 |       |       |    17 |       ||    44
       Short sword       |    82 |   177 |   450 |       |       ||   709
       Scimitar          |       |       |    54 |   604 |   277 ||   935
       Rod               |       |       |       |     4 |       ||     4
 Fire: Blowgun           |       |     8 |     5 |    62 |       ||    75
Throw: Stone             |     2 |       |     8 |       |       ||    10
       Throwing net      |       |       |       |     6 |     1 ||     7
Invok: Minor Destruction |       |       |       |    75 |    10 ||    85
       Major Destruction |       |       |       |    11 |     8 ||    19
       Lesser Servant of |       |       |       |     3 |     1 ||     4
       Greater Servant o |       |       |       |     2 |     2 ||     4
Evoke: Wand              |       |       |     7 |    18 |    11 ||    36
       Rod               |       |       |       |    13 |     5 ||    18
  Use: Scroll            |     4 |    12 |     7 |    14 |     3 ||    40
       Potion            |       |     2 |       |     7 |       ||     9
 Stab: Sleeping          |     7 |     5 |    13 |     8 |     3 ||    36
       Distracted        |       |     1 |     2 |     3 |       ||     6
       Confused          |       |       |     1 |     3 |     2 ||     6
       Invisible         |       |       |       |     1 |     9 ||    10
       Held in net/web   |       |       |       |     2 |     1 ||     3
  Eat: Chunk             |       |     7 |     7 |       |     2 ||    16
       Bread ration      |       |       |     1 |     9 |     2 ||    12
       Beef jerky        |       |       |     1 |     1 |       ||     2
       Fruit             |       |       |     2 |       |       ||     2
       Meat ration       |       |       |       |     1 |       ||     1
